AoeStats
← Goth2Boss

Lombardia

510018684Analyzed
4v4 RM · 4d ago on Sep 29, 2026· 97m 18s· 8 players
Game mode
Random Map
Map size
Large (8 player)
Population
200
Speed
Normal
Resources
Standard
Victory
Conquest
Starting age
Dark Age
Ending age
Imperial Age
RankedLock teamsTeams togetherTeam positionsShared explorationLock speedFull tech treeHidden civsTurbo modeCheats
Victory
Defeat
🇺🇸 Lithuanians · United States
845
+10
🇺🇸 Teutons · United States
786
+13
🇺🇸 Hindustanis · United States
772
+13
🇺🇸 Italians · United States
730
+15
🇲🇽 Spanish · Mexico
807
-16
🇨🇦 Franks · Canada
778
-15
🇲🇽 Turks · Mexico
743
-14
🇺🇸 Huns · United States
520
-6
kdawg4400
0:51 Loom
15:02 Feudal Age
21:11 Castle Age
20:59 Wheelbarrow
20:10 Town Watch
20:10 Horse Collar
20:18 Double-Bit Axe
20:51 Stone Mining
28:46 Pikeman
28:47 Man-at-Arms
29:28 Squires
29:13 Arson
32:08 Murder Holes
32:24 Masonry
33:38 Coinage
33:09 Caravan
33:19 Town Patrol
34:05 Long Swordsman
36:53 Hand Cart
39:03 Scale Barding Armor
38:59 Scale Mail Armor
38:59 Padded Archer Armor
38:50 Fletching
39:11 Forging
41:08 Chain Barding Armor
41:04 Chain Mail Armor
41:51 Leather Archer Armor
44:14 Imperial Age
41:50 Heavy Plow
42:02 Bow Saw
41:49 Gold Mining
43:24 Bodkin Arrow
44:05 Iron Casting
43:34 Marauders
44:00 Ballistics
46:08 Capped Ram
46:11 Cavalier
46:12 Light Cavalry
47:03 Bloodlines
46:54 Husbandry
46:17 Halberdier
46:18 Two-Handed Swordsman
46:24 Crossbowman
46:25 Elite Skirmisher
46:26 Heavy Cavalry Archer
47:32 Parthian Tactics
47:13 Thumb Ring
46:42 Sappers
47:33 Conscription
46:34 Elite Tarkan
60:31 Bracer
61:31 Blast Furnace
61:07 Plate Barding Armor
62:39 Paladin
62:39 Hussar
80:45 Chemistry
79:45 Siege Ram
92:34 Gold Shaft Mining
Ryoga
0:32 Loom
11:19 Feudal Age
12:03 Double-Bit Axe
12:04 Horse Collar
14:05 Wheelbarrow
20:06 Castle Age
18:19 Stone Mining
19:27 Gold Mining
20:08 Arson
21:41 Hand Cart
21:41 Bow Saw
23:44 Heavy Plow
24:08 Squires
26:55 Pikeman
27:39 Padded Archer Armor
27:29 Fletching
27:32 Town Watch
28:50 Caravan
30:13 Stone Shaft Mining
32:50 Forging
32:41 Scale Mail Armor
32:46 Scale Barding Armor
36:00 Imperial Age
33:31 Town Patrol
35:23 Inquisition
35:50 Chain Barding Armor
35:46 Chain Mail Armor
36:30 Halberdier
37:36 Supremacy
37:06 Elite Skirmisher
38:27 Hoardings
38:24 Leather Archer Armor
38:05 Bodkin Arrow
39:20 Two-Man Saw
38:54 Sappers
41:23 Plate Barding Armor
41:31 Plate Mail Armor
41:31 Ballistics
41:25 Masonry
42:02 Iron Casting
42:14 Ring Archer Armor
42:12 Elite Conquistador
46:25 Blast Furnace
48:14 Architecture
47:31 Arrowslits
51:57 Chemistry
51:56 Fortified Wall
51:36 Guard Tower
56:02 Bracer
60:08 Gambesons
59:44 Man-at-Arms
61:00 Long Swordsman
64:01 Two-Handed Swordsman
66:19 Champion
87:32 Chemistry
86:28 Murder Holes
86:44 Fortified Wall
86:25 Guard Tower
87:40 Husbandry
87:52 Bloodlines
87:49 Cavalier
87:51 Light Cavalry
89:27 Paladin
89:28 Hussar
filiusgaya
1:45 Loom
11:40 Feudal Age
12:31 Town Watch
12:28 Horse Collar
12:36 Double-Bit Axe
13:30 Wheelbarrow
13:49 Gold Mining
17:25 Stone Mining
25:35 Castle Age
26:19 Town Patrol
30:11 Imperial Age
27:28 Treadmill Crane
28:00 Fortified Wall
28:13 Forging
28:03 Scale Mail Armor
28:09 Scale Barding Armor
28:04 Padded Archer Armor
27:55 Fletching
28:49 Gold Shaft Mining
28:28 Bow Saw
28:21 Heavy Plow
29:18 Caravan
30:37 Hand Cart
32:19 Two-Man Saw
36:24 Heavy Camel Rider
42:45 Bombard Tower
42:47 Chain Barding Armor
42:43 Chain Mail Armor
42:43 Leather Archer Armor
42:24 Bodkin Arrow
43:05 Iron Casting
44:45 Coinage
44:04 Arrowslits
46:48 Artillery
47:09 Sipahi
47:10 Conscription
46:11 Elite Janissary
47:29 Guilds
49:29 Plate Barding Armor
49:25 Ring Archer Armor
49:25 Plate Mail Armor
48:56 Bracer
49:56 Blast Furnace
50:17 Arson
50:33 Squires
49:54 Man-at-Arms
53:10 Banking
53:47 Ballistics
53:17 Guard Tower
53:18 Heated Shot
53:24 Murder Holes
53:39 Masonry
53:57 Husbandry
54:07 Bloodlines
54:06 Thumb Ring
56:46 Crossbowman
68:07 Capped Ram
69:51 Siege Ram
92:04 Architecture
92:11 Keep
Luc_The_War
2:15 Loom
10:43 Feudal Age
11:17 Double-Bit Axe
12:25 Wheelbarrow
12:04 Town Watch
21:19 Castle Age
19:35 Gold Mining
19:36 Stone Mining
22:38 Bow Saw
22:35 Husbandry
22:45 Scale Barding Armor
22:52 Forging
23:11 Fletching
24:34 Hand Cart
24:20 Town Patrol
36:49 Chain Barding Armor
37:06 Iron Casting
41:06 Bodkin Arrow
42:46 Treadmill Crane
43:27 Ballistics
43:05 Murder Holes
43:24 Scale Mail Armor
43:24 Padded Archer Armor
47:21 Imperial Age
45:20 Chain Mail Armor
45:21 Leather Archer Armor
46:09 Masonry
46:11 Fortified Wall
45:52 Guard Tower
49:00 Plate Barding Armor
49:26 Blast Furnace
48:57 Plate Mail Armor
47:56 Cavalier
51:41 Chemistry
50:27 Arrowslits
51:13 Architecture
50:49 Siege Engineers
50:21 Paladin
54:28 Conscription
54:09 Chivalry
54:46 Hoardings
53:55 Ordonnance Companies
73:03 Caravan
79:04 Elite Throwing Axeman
81:47 Light Cavalry
87:05 Coinage
LordSandwichBoss
15:13 Feudal Age
15:57 Horse Collar
22:37 Castle Age
20:44 Gold Mining
26:29 Fortified Wall
27:44 Stone Mining
27:41 Double-Bit Axe
28:35 Heavy Plow
33:13 Imperial Age
31:23 Wheelbarrow
31:03 Bow Saw
31:48 Scale Barding Armor
31:53 Forging
35:25 Hand Cart
36:17 Chain Barding Armor
35:38 Cavalier
37:34 Bloodlines
41:04 Two-Man Saw
40:32 Conscription
41:03 Crop Rotation
41:47 Plate Barding Armor
41:58 Iron Casting
42:42 Paladin
45:25 Blast Furnace
50:20 Caravan
54:58 Pikeman
55:56 Halberdier
57:06 Scale Mail Armor
76:33 Chain Mail Armor
77:22 Squires
77:09 Arson
81:59 Elite Teutonic Knight
BiscuitBoss
11:37 Feudal Age
12:06 Double-Bit Axe
12:02 Horse Collar
16:47 Gold Mining
20:02 Castle Age
18:47 Scale Barding Armor
18:52 Forging
19:25 Bloodlines
20:59 Wheelbarrow
20:43 Light Cavalry
21:26 Husbandry
22:46 Chain Barding Armor
23:01 Iron Casting
25:32 Iron Casting
34:52 Bow Saw
38:29 Imperial Age
36:18 Hand Cart
40:02 Cavalier
41:07 Capped Ram
43:46 Caravan
45:00 Plate Barding Armor
45:45 Paladin
47:35 Conscription
48:15 Pikeman
55:58 Winged Hussar
81:44 Scale Mail Armor
81:47 Halberdier
84:07 Squires
89:41 Tower Shields
BookishBoss
1:55 Loom
13:49 Feudal Age
14:29 Double-Bit Axe
14:28 Horse Collar
14:40 Town Watch
15:52 Wheelbarrow
16:32 Stone Mining
17:56 Gold Mining
26:03 Castle Age
25:40 Scale Barding Armor
25:35 Scale Mail Armor
25:45 Forging
25:26 Arson
25:02 Man-at-Arms
26:40 Bloodlines
28:39 Stone Shaft Mining
28:10 Heavy Plow
28:48 Bow Saw
29:22 Pikeman
29:22 Long Swordsman
30:02 Squires
31:57 Gold Shaft Mining
34:06 Long Swordsman
34:47 Squires
36:18 Iron Casting
37:52 Grand Trunk Road
38:21 Hand Cart
38:12 Town Patrol
43:54 Imperial Age
41:38 Murder Holes
42:05 Ballistics
43:02 Chain Barding Armor
43:07 Chain Mail Armor
43:18 Fortified Wall
43:19 Masonry
43:18 Husbandry
44:00 Two-Handed Swordsman
44:05 Heavy Camel Rider
44:06 Light Cavalry
47:43 Conscription
48:05 Hoardings
48:16 Siege Elephant
54:47 Shatagni
56:00 Imperial Camel Rider
60:27 Hussar
75:28 Two-Man Saw
79:19 Plate Barding Armor
79:45 Blast Furnace
85:14 Elite Ghulam
Goth2Boss
14:02 Feudal Age
16:14 Wheelbarrow
15:25 Horse Collar
17:24 Double-Bit Axe
19:56 Arson
22:10 Fletching
22:32 Forging
23:40 Gold Mining
24:23 Padded Archer Armor
24:25 Scale Mail Armor
30:35 Castle Age
30:12 Gold Mining
30:15 Stone Mining
31:30 Heavy Plow
31:44 Bow Saw
31:53 Hand Cart
31:33 Pikeman
33:14 Squires
33:54 Iron Casting
38:21 Imperial Age
36:43 Ballistics
39:38 Crop Rotation
40:12 Two-Man Saw
40:28 Chemistry
40:21 Pirotechnia
40:55 Conscription
42:37 Silk Road
43:04 Murder Holes
43:22 Masonry
44:28 Bodkin Arrow
44:49 Leather Archer Armor
44:50 Chain Mail Armor
45:36 Blast Furnace
46:14 Architecture
52:38 Elite Genoese Crossbowman
61:34 Hoardings
80:56 Bracer
81:27 Ring Archer Armor
81:19 Caravan
Connection lost

Rejoining the realm…

Still unreachable

The connection could not be restored.

Session expired

The server has moved on; the page needs a fresh start.